 Dungeon Crawl Stone Soup version 0.29.1-13-g9f3cf754e1 (webtiles) character file.

Game seed: 11554257781855512614

309 KittyFluff the Cudgeller (level 6, -3/38 HPs)
             Began as a Gargoyle Berserker on Jan 22, 2023.
             Was a Believer of Trog.
             Slain by a gnoll
             ... wielding a +0 spear
              (4 damage)
             ... on level 3 of the Dungeon.
             The game lasted 00:10:31 (3175 turns).

KittyFluff the Cudgeller (Gargoyle Berserker)       Turns: 3175, Time: 00:10:31

Health: -3/38      AC:  6    Str: 26    XL:     6   Next: 41%
Magic:  6/6        EV: 16    Int:  8    God:    Trog [**....]
Gold:   154        SH:  0    Dex: 11    Spells: 5/5 levels left

rFire   . . .      SeeInvis .   a - +0 mace
rCold   . . .      Faith    .   (no shield)
rNeg    + . .      Spirit   .   b - +0 animal skin
rPois   ∞          Reflect  .   (no helmet)
rElec   +          Harm     .   (no cloak)
rCorr   .          Rampage  .   (no gloves)
Will    .....                   (no boots)
Stlth   ++........              (no amulet)
HPRegen 0.12/turn               h - +6 ring of strength
MPRegen 0.10/turn               j - +4 ring of evasion

@: on berserk cooldown, slowed, very slow
A: sickness immunity, AC +4, negative energy resistance 1, electricity
resistance, torment resistance 1, petrification resistance
a: Renounce Religion, Berserk, Trog's Hand


You were on level 3 of the Dungeon.
You worshipped Trog.
Trog was pleased with you.
You visited 1 branch of the dungeon, and saw 3 of its levels.

You collected 154 gold pieces.

Inventory:

Hand Weapons
 a - a +0 mace (weapon)
 r - a +0 sling
Missiles
 e - 32 stones (quivered)
 o - 4 poisoned darts
Armour
 b - a +0 animal skin (worn)
 p - a +0 scale mail
Jewellery
 h - a +6 ring of strength (left hand)
 j - a +4 ring of evasion (right hand)
Scrolls
 c - 2 scrolls of enchant armour {unknown}
 f - 2 scrolls of blinking {unknown}
 l - a scroll of teleportation
 m - a scroll of acquirement {unknown}
 n - a scroll of noise {unknown}
 s - a scroll of summoning {unknown}
 t - a scroll of fear {unknown}
Potions
 d - 2 potions of heal wounds
 g - a potion of invisibility {unknown}
 i - 2 potions of curing
 k - 2 potions of cancellation
 q - a potion of haste


   Skills:
 + Level 4.3 Fighting
 + Level 4.8 Maces & Flails
 * Level 3.8 Armour
 + Level 2.5 Dodging
 + Level 1.9 Stealth


You had 5 spell levels left.
You didn't know any spells.
Your spell library was empty.

Dungeon Overview and Level Annotations

Branches:
Dungeon (3/15)

Altars:
Ashenzari
Cheibriados
Elyvilon
Gozag
Okawaru
Ru
Sif Muna
Uskayaw
Vehumet
Zin
The Shining One

Annotations:
D:3 2 transporters


Innate Abilities, Weirdness & Mutations

You are immune to sickness and miasma.
Your stone body is resilient. (AC +4)
You are immune to poison.
You resist negative energy. (rN+)
You are resistant to electric shocks. (rElec)
You are resistant to unholy torment.
You are immune to petrification.


Message History

The gnoll hits you but does no damage. The gnoll barely misses you.
The gnoll hits you with a +0 whip. The gnoll barely misses you.
You hit the gnoll but do no damage. The gnoll completely misses you.
The gnoll hits you from afar with a +0 spear.
The gnoll closely misses you.
You sock the gnoll!
You kill the gnoll!
Trog accepts your kill. The gnoll misses you. x2
You barely miss the gnoll. The gnoll completely misses you.
The gnoll hits you with a +0 club.
You closely miss the gnoll. The gnoll misses you. The gnoll closely misses you.
You closely miss the gnoll. The gnoll misses you. The gnoll barely misses you.
You hit the gnoll but do no damage.
The gnoll hits you from afar with a +0 spear.
* * * LOW HITPOINT WARNING * * *
The gnoll closely misses you.
You hit the gnoll.
The gnoll is lightly wounded.
The gnoll hits you from afar with a +0 spear.
* * * LOW HITPOINT WARNING * * *
The gnoll closely misses you.
The gnoll hits you from afar with a +0 spear.
* * * LOW HITPOINT WARNING * * *
The gnoll closely misses you.
A red film seems to cover your vision as you go berserk!
You feel yourself moving faster!
You feel mighty!
The gnoll hits you from afar with a +0 spear.
* * * LOW HITPOINT WARNING * * *
The gnoll misses you.
You bludgeon the gnoll!!
You kill the gnoll!
Trog accepts your kill.
You see here a +0 club.
You feel a strong urge to attack something.
You feel your anger nearly subside.
You are no longer berserk.
You are exhausted.
You feel yourself slow down. The gnoll hits you with a +0 spear.
You die...

.............# #########
............. ##........
#........# #.........
###.#.# #......... ..
#.....# #...†..... #.#
#.#.#######........#
.#...##.#.........#.#'####
..................).....#.
####.##.#@#.+########+.##.
#)##.#g#.#........#.##.
#....)...#⌠......⌠#.##.
###......#.._.._..#.###
#......#⌠......⌠#.# #
#......# ###### #.###
#......###....###....
#......##......##.##.
#.......##....##..###


You could see a gnoll.

Vanquished Creatures
  Grinder (D:3)
  3 gnolls (D:3)
  3 adders
  A worm (D:3)
  A dart slug (D:1)
  9 endoplasms
  A giant cockroach (D:2)
  2 goblins (D:2)
  4 hobgoblins
  3 jackals (D:2)
  3 quokkas
  7 ball pythons
  6 bats
  5 frilled lizards
  4 kobolds
  9 rats
62 creatures vanquished.

Notes
Turn   | Place    | Note
-------+----------+-------------------------------------------
     0 | D:1      | KittyFluff the Gargoyle Berserker began the quest for the
                  | Orb.
     0 | D:1      | Reached XP level 1. HP: 14/14 MP: 1/1
   149 | D:1      | Reached XP level 2. HP: 6/19 MP: 2/2
  1183 | D:2      | Reached XP level 3. HP: 21/23 MP: 3/3
  1544 | D:2      | Reached ** piety under Trog
  1623 | D:2      | Found a sacrificial altar of Ru.
  1920 | D:2      | Reached XP level 4. HP: 29/29 MP: 4/4
  2272 | D:3      | Found a shimmering blue altar of Sif Muna.
  2282 | D:3      | Found an iron altar of Okawaru.
  2282 | D:3      | Found a transporter.
  2283 | D:3      | Found a snail-covered altar of Cheibriados.
  2285 | D:3      | Noticed a centaur
  2291 | D:3      | Noticed Grinder
  2305 | D:3      | Killed Grinder
  2306 | D:3      | Reached skill level 1 in Stealth
  2306 | D:3      | Reached XP level 5. HP: 12/33 MP: 5/5
  2306 | D:3      | Reached XP level 6. HP: 14/38 MP: 6/6
  2512 | D:3      | Found a transporter.
  2634 | D:3      | Found a glowing golden altar of the Shining One.
  2634 | D:3      | Found a white marble altar of Elyvilon.
  2634 | D:3      | Found a glowing silver altar of Zin.
  2898 | D:3      | Found a broken altar of Ashenzari.
  2898 | D:3      | Found an opulent altar of Gozag.
  3035 | D:3      | Found a radiant altar of Vehumet.
  3076 | D:3      | Found a hide-covered altar of Uskayaw.
  3169 | D:3      | HP: 1/57 [gnoll/+0 spear (6)]
  3175 | D:3      | Slain by a gnoll

Illustrated notes

Levels and vault maps discovered:
D:1:      nicolae_arrival_memento_mori, layout_loops_ring,
          hangedman_decor_peaks_small, minmay_rat_gold_closets
D:2:      layout_loops_corners, basic_altar, grunt_ministairs_4
D:3:      layout_basic, good_gods_mini_temple, mainiacjoe_overflow_two_lobes,
          jmf_multi_god_temple, gammafunk_temple_overflow_arena,
          corexii_corridor_pit, uniq_grinder

Skill      XL: |  1  2  3  4 |
---------------+-------------+-----
Armour         | 3 |  3.8
Fighting       | 4 |  4.3
Maces & Flails | 4 |  4.8
Dodging        | 2 |  2.5
Stealth        | 1 |  1.9

Action                   |  1- 3 |  4- 6 || total
-------------------------+-------+-------++-------
Melee: Mace              |   121 |   120 ||   241
Invok: Berserk           |     1 |     1 ||     2
  Use: Scroll            |     4 |     1 ||     5
 Stab: Sleeping          |     2 |     1 ||     3
Armor: Animal skin       |    42 |    21 ||    63
Dodge: Dodged            |    87 |   115 ||   202
